[Event "FIDE World Rapid-ch Open 2018"]
[White "Bindrich, Falko"]
[Black "Sharma, Dinesh K."]
[Site "St. Petersburg"]
[Round "5.60"]
[Annotator "RC"]
[Result "1-0"]
[Date "2018.12.26"]
[WhiteElo "2606"]
[BlackElo "2295"]
[PlyCount "149"]
[TimeControl "900+10"]

1. d4 d5 2. c4 c6 3. e3 Nf6 4. Nf3 Bf5 5. Nc3 e6 6. Nh4 Be4 7. f3 Bg6 8. Qb3 Qb6 9. Nxg6 hxg6 10. g3 Nbd7 11. Kf2 Be7 12. Bd2 g5 13. Be2 Qxb3 14. axb3 a6 15. Kg2 0-0-0 16. Rac1 Kb8 17. e4 dxe4 18. fxe4 Nc5 19. e5 Ng8 20. Be3 Nxb3 21. Rcd1 f5 22. c5 Nh6 23. Bc4 f4 24. Bxb3 fxe3 25. Bxe6 Rhf8 26. Ne4 Nf5 27. Bxf5 Rxf5 28. Rhe1 g4 29. h3 gxh3+ 30. Kxh3 Rh5+ 31. Kg4 Rh2 32. b3 e2 33. Rd2 Kc7 34. Nd6 b6 35. Rdxe2 Rxe2 36. Rxe2 bxc5 37. dxc5 g6 38. Ra2 Rb8 39. Rxa6 Rb4+ 40. Kh3 Kd7 41. Rb6 Rd4 42. b4 Bd8 43. Rb8 Be7 44. Rg8 Ke6 45. Rxg6+ Kxe5 46. Rg4 Rd1 47. Re4+ Kf6 48. Nc4 Bd8 49. Ne5 Kf5 50. Re2 Bc7 51. Nxc6 Rd3 52. Rg2 Kg5 53. b5 Rc3 54. b6 Rxc5 55. Nd4 Kg6 56. bxc7 Rxc7 57. Rf2 Rd7 58. Rf4 Rd5 59. Nf3 Rh5+ 60. Kg2 Ra5 61. g4 Rb5 62. Kg3 Ra5 63. Nh4+ Kg7 64. Rf5 Ra4 65. Nf3 Kg6 66. Ne5+ Kg7 67. Kh4 Ra5 68. Kg5 Rb5 69. Rf7+ Kg8 70. Re7 Kf8 71. Kf6 Rb6+ 72. Re6 Rb7 73. Ng6+ Kg8 74. Re8+ Kh7 75. Rh8# 1-0

[Event "FIDE World Rapid-ch Open 2018"]
[White "Moiseenko, Vadim"]
[Black "Pershin, Denis"]
[Site "St. Petersburg"]
[Round "5.61"]
[Annotator "ChessBase"]
[Result "0-1"]
[Date "2018.12.26"]
[WhiteElo "2501"]
[BlackElo "2400"]
[PlyCount "54"]
[TimeControl "900+10"]

1. e4 c6 2. Nc3 d5 3. Nf3 Bg4 4. Be2 Nf6 5. h3 Bxf3 6. Bxf3 e6 7. 0-0 Be7 8. d4 dxe4 9. Nxe4 Nxe4 10. Bxe4 Nd7 11. c4 Nf6 12. Bc2 0-0 13. b3 Qa5 14. a3 Rfd8 15. Bb2 Rd7 16. Re1 Rad8 17. Qf3 Ne8 18. Re5 Qc7 19. Rh5 h6 20. Re1 Bf6 21. Qe4 Bxd4 22. Bxd4 Rxd4 23. Qh7+ Kf8 24. Rhe5 Rd2 25. Bf5 Rd1 26. R5e3 Rxe1+ 27. Rxe1 Qa5 0-1

[Event "FIDE World Rapid-ch Open 2018"]
[White "AL-Sayed, Mohammed"]
[Black "Yuffa, Daniil"]
[Site "St. Petersburg"]
[Round "5.62"]
[Annotator "ChessBase"]
[Result "1-0"]
[Date "2018.12.26"]
[WhiteElo "2484"]
[BlackElo "2572"]
[PlyCount "73"]
[TimeControl "900+10"]

1. e4 c5 2. Nf3 d6 3. Bb5+ Nd7 4. Ba4 Ngf6 5. Qe2 g6 6. 0-0 Bg7 7. c3 0-0 8. d4 Nb6 9. Bb3 cxd4 10. cxd4 a5 11. a4 Bg4 12. Nc3 Nfd7 13. Be3 e5 14. Rfd1 exd4 15. Bxd4 Bxd4 16. Rxd4 Ne5 17. Qe3 Bxf3 18. gxf3 Qf6 19. Kh1 Nxf3 20. Rdd1 Rae8 21. Qxb6 Qf4 22. Kg2 Qg4+ 23. Kf1 Re5 24. h3 Qxh3+ 25. Ke2 Rc8 26. Qe3 Ng5 27. Qxh3 Nxh3 28. Rxd6 Nf4+ 29. Kf3 Nh3 30. Rd7 Rf8 31. Rxb7 Kh8 32. Kg3 Ng5 33. Bd5 Ree8 34. f4 Ne6 35. Bxe6 Rxe6 36. Rd1 h5 37. Rd5 1-0

[Event "FIDE World Rapid-ch Open 2018"]
[White "Predke, Alexandr"]
[Black "Vorotnikov, Vladislav V"]
[Site "St. Petersburg"]
[Round "5.63"]
[Annotator "RC"]
[Result "1-0"]
[Date "2018.12.26"]
[WhiteElo "2622"]
[BlackElo "2417"]
[PlyCount "79"]
[TimeControl "900+10"]

1. e4 e5 2. Nc3 d6 3. g3 Nc6 4. Bg2 g6 5. d3 Bg7 6. Be3 Nf6 7. h3 Be6 8. Nd5 Bxd5 9. exd5 Ne7 10. c4 Nf5 11. Bg5 h6 12. Bd2 0-0 13. Ne2 Re8 14. Qc2 Nd4 15. Nxd4 exd4+ 16. Kf1 Nd7 17. f4 Qf6 18. Kf2 a5 19. Rae1 b6 20. Qa4 Rxe1 21. Rxe1 Nc5 22. Qc2 Qf5 23. Bf1 Bf6 24. Kg2 h5 25. b3 g5 26. fxg5 Bxg5 27. Bxg5 Qxg5 28. h4 Qg6 29. Qe2 Kh7 30. Qf3 Kg7 31. Re7 Kf8 32. Rxc7 Re8 33. Qf4 Re3 34. Rc6 Nxd3 35. Bxd3 Rxd3 36. Rxd6 Rd2+ 37. Qxd2 Qxd6 38. Qxd4 Qa3 39. d6 Qxa2+ 40. Kh3 1-0

[Event "FIDE World Rapid-ch Open 2018"]
[White "Anikonov, Dmitry"]
[Black "Levin, Evgeny A."]
[Site "St. Petersburg"]
[Round "5.64"]
[Annotator "ChessBase"]
[Result "1/2-1/2"]
[Date "2018.12.26"]
[WhiteElo "2371"]
[BlackElo "2516"]
[PlyCount "61"]
[TimeControl "900+10"]

1. d4 Nf6 2. c4 e6 3. g3 c5 4. d5 exd5 5. cxd5 d6 6. Nc3 g6 7. Nf3 Bg7 8. Bg2 0-0 9. 0-0 Re8 10. Bf4 a6 11. a4 Bf5 12. Nd2 Nh5 13. e4 Nxf4 14. gxf4 Bc8 15. Nc4 Qf6 16. Qf3 Nd7 17. Rfe1 Rb8 18. a5 b5 19. axb6 Nxb6 20. Na5 Nd7 21. Re2 Rxb2 22. Rxb2 Qxc3 23. Qxc3 Bxc3 24. Raa2 Bxb2 25. Rxb2 Nf6 26. Nc4 Nxe4 27. Rb8 Kg7 28. Bxe4 Rxe4 29. Nxd6 Re1+ 30. Kg2 Bf5 31. Nxf5+ 1/2-1/2

[Event "FIDE World Rapid-ch Open 2018"]
[White "Steinberg, Nitzan"]
[Black "Teske, Henrik"]
[Site "St. Petersburg"]
[Round "5.65"]
[Annotator "ChessBase"]
[Result "0-1"]
[Date "2018.12.26"]
[WhiteElo "2532"]
[BlackElo "2483"]
[PlyCount "218"]
[TimeControl "900+10"]

1. e4 e6 2. d4 d5 3. e5 c5 4. c3 Nc6 5. Nf3 Bd7 6. Be2 Rc8 7. 0-0 Nge7 8. Na3 Nf5 9. Nc2 cxd4 10. cxd4 Qb6 11. Rb1 Be7 12. Bd3 Nb4 13. Nxb4 Qxb4 14. Kh1 Bb5 15. g4 Bxd3 16. Qxd3 Nh4 17. Nxh4 Bxh4 18. f4 Qc4 19. Qf3 Be7 20. Be3 Qxa2 21. f5 Qb3 22. Rbe1 Kd7 23. g5 g6 24. fxe6+ fxe6 25. Qh3 Rcf8 26. Rf6 Bxf6 27. exf6 Qd3 28. Kg1 Rf7 29. Rc1 Qe4 30. Bf2 Rc8 31. Rxc8 Kxc8 32. Qa3 Qg4+ 33. Bg3 Qxd4+ 34. Kg2 Qe4+ 35. Kh3 Qf5+ 36. Kg2 Qc2+ 37. Kh3 e5 38. Qd6 Qf5+ 39. Kg2 Qxg5 40. Qe6+ Rd7 41. f7 Qd2+ 42. Bf2 Qg5+ 43. Bg3 Qd2+ 44. Bf2 Qf4 45. Qe8+ Rd8 46. Bg3 Qe4+ 47. Kg1 Qb1+ 48. Kg2 Qe4+ 49. Kg1 Qb1+ 50. Kg2 Qc2+ 51. Kg1 Qc5+ 52. Kg2 d4 53. Bh4 Qc2+ 54. Kg1 Qb1+ 55. Kf2 Qf5+ 56. Ke1 Qe4+ 57. Kd2 Qxh4 58. f8=Q Rxe8 59. Qxe8+ Qd8 60. Qxe5 a6 61. b4 Qd7 62. Qc5+ Kb8 63. Qf8+ Ka7 64. Qc5+ b6 65. Qe5 d3 66. h4 Kb7 67. Qe4+ Kc7 68. Qc4+ Kb7 69. Qe4+ Ka7 70. Qe5 Kb7 71. Qe4+ Ka7 72. Qe5 Qc8 73. Qe7+ Qb7 74. Qd8 Qf7 75. Kxd3 Kb7 76. Qh8 Kc6 77. Kc3 Qf3+ 78. Kb2 Qe2+ 79. Kc3 Qe1+ 80. Kd3 Qd1+ 81. Ke3 Qd7 82. Qe5 Qh3+ 83. Kd2 Qg2+ 84. Kc3 Qf3+ 85. Kb2 Qd5 86. Qe8+ Qd7 87. Qe5 Qd2+ 88. Ka3 a5 89. b5+ Kd7 90. Qg7+ Ke6 91. Qxh7 Qb4+ 92. Ka2 Qa4+ 93. Kb2 Qxb5+ 94. Kc3 Qc5+ 95. Kb2 Qd4+ 96. Ka2 Qd2+ 97. Kb3 Qd3+ 98. Kb2 a4 99. Qg8+ Kf5 100. Qf7+ Kg4 101. Qf6 b5 102. Qg5+ Kh3 103. h5 Qe2+ 104. Kc3 gxh5 105. Qf5+ Kg2 106. Qg5+ Qg4 107. Qxb5 Qf3+ 108. Kd4 Qf4+ 109. Kc3 Qe3+ {[%emt 0:0:9] Kd4} 0-1

[Event "FIDE World Rapid-ch Open 2018"]
[White "Yakubboev, Nodirbek"]
[Black "Huzman, Alexander"]
[Site "St. Petersburg"]
[Round "5.66"]
[Annotator "ChessBase"]
[Result "1/2-1/2"]
[Date "2018.12.26"]
[WhiteElo "2556"]
[BlackElo "2580"]
[PlyCount "64"]
[TimeControl "900+10"]

1. d4 Nf6 2. Bg5 d5 3. e3 c5 4. Bxf6 gxf6 5. dxc5 e6 6. c4 dxc4 7. Qa4+ Nd7 8. Bxc4 Bxc5 9. Nf3 0-0 10. 0-0 Nb6 11. Qc2 Nxc4 12. Qxc4 b6 13. Nc3 Bb7 14. Qh4 Qe7 15. Ne4 Bxe4 16. Qxe4 f5 17. Qf4 Qf6 18. e4 Rfd8 19. exf5 Qxf5 20. Qxf5 exf5 21. Rfd1 Kg7 22. Kf1 Kf6 23. Rac1 a5 24. Ne1 Rac8 25. Nd3 Bd4 26. b3 b5 27. Nc5 Bxc5 28. Rxd8 Rxd8 29. Rxc5 Rd2 30. Rxb5 Rxa2 31. g3 a4 32. bxa4 Rxa4 1/2-1/2

[Event "FIDE World Rapid-ch Open 2018"]
[White "Fedoseev, Vladimir"]
[Black "Vastrukhin, Oleg"]
[Site "St. Petersburg"]
[Round "5.67"]
[Annotator "RC"]
[Result "1-0"]
[Date "2018.12.26"]
[WhiteElo "2719"]
[BlackElo "2413"]
[PlyCount "79"]
[TimeControl "900+10"]

1. d4 g6 2. Nf3 Bg7 3. e4 c6 4. Nc3 d5 5. e5 Bg4 6. h3 Bxf3 7. Qxf3 e6 8. Be2 Ne7 9. Bg5 h6 10. Bf6 Bxf6 11. Qxf6 Rh7 12. Bd3 Nd7 13. Qf4 Nf5 14. g4 Nh4 15. 0-0-0 Qg5 16. Ne2 Ke7 17. Qd2 Nf3 18. Qe3 c5 19. c3 cxd4 20. cxd4 Rc8+ 21. Kb1 Qxe3 22. fxe3 Rhh8 23. Rhf1 Nh4 24. e4 Nb6 25. Rf2 Rcd8 26. Nc3 Rhf8 27. Nb5 Nc8 28. exd5 Rxd5 29. Bc4 Rd7 30. Bb3 g5 31. Rf6 Ng6 32. Bxe6 fxe6 33. Rxg6 a6 34. Nc3 Nb6 35. Ne4 Nc4 36. Nc5 Ne3 37. Rxe6+ Kd8 38. Nxd7 Kxd7 39. Rd6+ Ke7 40. Rc1 1-0

[Event "FIDE World Rapid-ch Open 2018"]
[White "Kovalenko, Igor"]
[Black "Gutenev, Alexander"]
[Site "St. Petersburg"]
[Round "5.68"]
[Annotator "RC"]
[Result "0-1"]
[Date "2018.12.26"]
[WhiteElo "2657"]
[BlackElo "2456"]
[PlyCount "122"]
[TimeControl "900+10"]

1. e4 c5 2. Nf3 Nc6 3. Bb5 g6 4. 0-0 Bg7 5. Nc3 e5 6. a3 Nge7 7. b4 d6 8. d3 0-0 9. Bc4 h6 10. bxc5 dxc5 11. Be3 Nd4 12. Nd2 Kh7 13. Nd5 Be6 14. Nxe7 Qxe7 15. a4 b6 16. c3 Rfd8 17. cxd4 cxd4 18. Bxe6 Qxe6 19. Bxh6 Bxh6 20. Nc4 a6 21. a5 b5 22. Nb6 Ra7 23. Nd5 Rc8 24. h4 Rc3 25. Qf3 Kg7 26. g3 Rb7 27. Rab1 Ra3 28. h5 Rxa5 29. Kg2 Ra2 30. Nb4 Ra3 31. hxg6 fxg6 32. Qe2 a5 33. Nd5 b4 34. Rh1 Rb8 35. Rh2 Rh8 36. Rbh1 b3 37. Qb2 Qd6 38. g4 Qd7 39. Rh4 g5 40. Qxa3 gxh4 41. Kh3 Rf8 42. f4 Bxf4 43. Qxb3 Bg5 44. Qd1 Qf7 45. Rg1 Qf3+ 46. Qxf3 Rxf3+ 47. Kh2 Rxd3 48. Rb1 Rd2+ 49. Kh3 Rd3+ 50. Kh2 a4 51. Rb7+ Kf8 52. Ra7 a3 53. Ra8+ Kf7 54. Ra7+ Ke6 55. Ra6+ Kd7 56. Kg2 h3+ 57. Kh2 Rb3 58. Nb6+ Kc6 59. Nd5+ Kb5 60. Ra8 Kc4 61. Rg8 Kd3 0-1

[Event "FIDE World Rapid-ch Open 2018"]
[White "Pantsulaia, Levan"]
[Black "Makarov, Marat"]
[Site "St. Petersburg"]
[Round "5.69"]
[Annotator "ChessBase"]
[Result "1-0"]
[Date "2018.12.26"]
[WhiteElo "2597"]
[BlackElo "2505"]
[PlyCount "91"]
[TimeControl "900+10"]

1. Nf3 Nf6 2. g3 d5 3. Bg2 g6 4. c4 dxc4 5. Na3 Bg7 6. Nxc4 c5 7. d4 Nc6 8. Be3 Be6 9. Qa4 Nd5 10. dxc5 Nxe3 11. fxe3 0-0 12. Rd1 Qc7 13. Nd4 Bxc4 14. Qxc4 Ne5 15. Qb4 Rac8 16. Rc1 Ng4 17. Bxb7 a5 18. Qb3 a4 19. Qb4 Rb8 20. c6 Nxe3 21. Nf3 Rfd8 22. Kf2 Nd5 23. Qb5 Bh6 24. Rcd1 Ne3 25. Rd3 Rxd3 26. exd3 Ng4+ 27. Ke2 Qd6 28. Qxa4 Nf6 29. Qc4 Nd5 30. Re1 e6 31. Kf2 Qc7 32. Re2 Bg7 33. Kg2 Rd8 34. d4 h6 35. b4 g5 36. a4 Nb6 37. Qb5 Rd5 38. Qa6 g4 39. Ne1 Rxd4 40. a5 Nd5 41. b5 Qd6 42. b6 Nc3 43. c7 Nxe2 44. c8=Q+ Kh7 45. Qc2+ f5 46. Qaxe2 1-0

[Event "FIDE World Rapid-ch Open 2018"]
[White "Iljiushenok, Ilia"]
[Black "Sokolov, Andrei"]
[Site "St. Petersburg"]
[Round "5.70"]
[Annotator "ChessBase"]
[Result "1-0"]
[Date "2018.12.26"]
[WhiteElo "2533"]
[BlackElo "2532"]
[PlyCount "107"]
[TimeControl "900+10"]

1. e4 d6 2. d4 Nf6 3. Nc3 e5 4. Nf3 Nbd7 5. Rg1 exd4 6. Nxd4 Nc5 7. Qe2 c6 8. g4 Qb6 9. g5 Nfd7 10. Nb3 a5 11. Nd2 Qc7 12. a4 g6 13. Nc4 Ne5 14. Ne3 Bg7 15. f4 Ned7 16. Bd2 0-0 17. Bg2 f6 18. gxf6 Nxf6 19. 0-0-0 Be6 20. Bf3 Rae8 21. Qg2 Nfd7 22. f5 Ne5 23. Ng4 Nxg4 24. Bxg4 gxf5 25. Bh5 Re7 26. Bf4 Rd8 27. exf5 Bxf5 28. Qg5 Bg6 29. Bxg6 hxg6 30. Qxg6 Ne6 31. Bh6 d5 32. Rde1 Rd6 33. Qg4 Qd7 34. h4 Rf7 35. Qh5 Nf8 36. Rg2 Rxh6 37. Qxh6 Qh3 38. Reg1 Ne6 39. Ne2 Qf5 40. Qg6 Qe5 41. c3 Kf8 42. Kb1 b5 43. axb5 cxb5 44. h5 Rf6 45. Qh7 Rh6 46. Qd3 b4 47. Nd4 Nf4 48. Qf3 Rf6 49. Rxg7 bxc3 50. Rg8+ Ke7 51. R1g7+ Kd6 52. Rd8+ Kc5 53. Qxc3+ Kb6 54. Rb8+ 1-0

[Event "FIDE World Rapid-ch Open 2018"]
[White "Tukhaev, Adam"]
[Black "Sanal, Vahap"]
[Site "St. Petersburg"]
[Round "5.71"]
[Annotator "ChessBase"]
[Result "1/2-1/2"]
[Date "2018.12.26"]
[WhiteElo "2527"]
[BlackElo "2490"]
[PlyCount "95"]
[TimeControl "900+10"]

1. e4 e5 2. Nf3 Nf6 3. Nxe5 d6 4. Nf3 Nxe4 5. Nc3 Nxc3 6. dxc3 Be7 7. Be3 0-0 8. Qd2 Nd7 9. 0-0-0 Nf6 10. Kb1 c5 11. Bd3 b5 12. Bg5 Be6 13. Bxf6 Bxf6 14. Be4 b4 15. c4 Rb8 16. Qd3 h6 17. Rhe1 Rb6 18. Bf5 Ra6 19. Bxe6 fxe6 20. Rxe6 Qa5 21. Qb3 Qc7 22. Rde1 Qd7 23. R6e4 Kh8 24. h3 Qc6 25. Qe3 Qa4 26. Qb3 Qc6 27. Re6 Qd7 28. R6e2 Qc6 29. Re6 Qd7 30. Qd3 Qa4 31. Qb3 Qd7 32. Kc1 Ra5 33. R6e4 Ra6 34. Rd1 Qf5 35. Rde1 Qd7 36. Kb1 Qc6 37. Qd3 Qa4 38. Qb3 Qc6 39. Qd3 Ra5 40. Qe3 Qa4 41. Qb3 Qc6 42. Qe3 Qa4 43. Qb3 Qd7 44. Qe3 Qa4 45. Qb3 Qc6 46. Qe3 Qa4 47. Qb3 Qc6 48. Qe3 1/2-1/2

[Event "FIDE World Rapid-ch Open 2018"]
[White "Tari, Aryan"]
[Black "Drygalov, Sergey"]
[Site "St. Petersburg"]
[Round "5.72"]
[Annotator "RC"]
[Result "1-0"]
[Date "2018.12.26"]
[WhiteElo "2620"]
[BlackElo "2446"]
[PlyCount "77"]
[TimeControl "900+10"]

1. e4 c5 2. Nf3 e6 3. d4 cxd4 4. Nxd4 Nc6 5. Nc3 Qc7 6. Qd3 a6 7. Nxc6 bxc6 8. Qg3 Qxg3 9. hxg3 d5 10. g4 Nf6 11. g5 Nxe4 12. Nxe4 dxe4 13. Rh4 g6 14. Be3 Bg7 15. 0-0-0 0-0 16. Bc4 a5 17. Rxe4 e5 18. Rh4 Bf5 19. Rdh1 Rfd8 20. Rxh7 Be4 21. R1h2 Bd5 22. R7h4 Rd7 23. c3 a4 24. Kc2 Rb7 25. f3 Rab8 26. Bc1 a3 27. b3 e4 28. Bxd5 cxd5 29. fxe4 d4 30. Bxa3 Ra8 31. Bb2 Rxa2 32. cxd4 f6 33. Kb1 Ra6 34. gxf6 Bxf6 35. R4h3 Rab6 36. Kc2 Rc7+ 37. Rc3 Rd7 38. Rc4 Rdb7 39. Rh3 1-0

[Event "FIDE World Rapid-ch Open 2018"]
[White "Gabrielian, Artur"]
[Black "Lomasov, Semyon"]
[Site "St. Petersburg"]
[Round "5.73"]
[Annotator "ChessBase"]
[Result "1/2-1/2"]
[Date "2018.12.26"]
[WhiteElo "2499"]
[BlackElo "2553"]
[PlyCount "52"]
[TimeControl "900+10"]

1. e4 e6 2. d4 d5 3. Nd2 c5 4. Ngf3 cxd4 5. Nxd4 Nc6 6. Bb5 Bd7 7. Nxc6 bxc6 8. Bd3 Qc7 9. Qe2 Ne7 10. Nf3 Ng6 11. 0-0 Bd6 12. Re1 Nf4 13. Bxf4 Bxf4 14. g3 Bd6 15. exd5 cxd5 16. Rac1 Qb6 17. c4 dxc4 18. Rxc4 g6 19. Rd4 Bc5 20. Rxd7 Kxd7 21. Ne5+ Ke7 22. Qf3 f6 23. Nc6+ Kf7 24. Ne5+ Ke7 25. Nc6+ Kf7 26. Ne5+ Ke7 1/2-1/2

[Event "FIDE World Rapid-ch Open 2018"]
[White "Goganov, Aleksey"]
[Black "Bilguun, Sumiya"]
[Site "St. Petersburg"]
[Round "5.74"]
[Annotator "RC"]
[Result "1-0"]
[Date "2018.12.26"]
[WhiteElo "2612"]
[BlackElo "2497"]
[PlyCount "117"]
[TimeControl "900+10"]

1. d4 d5 2. c4 e6 3. Nf3 c6 4. e3 Nf6 5. Bd3 Nbd7 6. b3 Bb4+ 7. Nbd2 e5 8. dxe5 Bc3 9. exf6 Bxa1 10. fxg7 Bxg7 11. cxd5 Nc5 12. Bb1 Qxd5 13. 0-0 Be6 14. e4 Qh5 15. b4 Nd7 16. Bd3 Rg8 17. g3 Bg4 18. Be2 Ne5 19. b5 Rd8 20. bxc6 Nxf3+ 21. Bxf3 Bxf3 22. Qxf3 Qxf3 23. Nxf3 bxc6 24. Be3 Rd3 25. Rb1 Bf6 26. Rb8+ Rd8 27. Rb3 Rg4 28. Rb4 Be7 29. Rc4 f5 30. Rxc6 Rxe4 31. Bxa7 Ra8 32. Be3 Rxa2 33. Rh6 f4 34. gxf4 Kf7 35. Rxh7+ Kg6 36. Rh8 Bf6 37. Rg8+ Kf7 38. Rc8 Re8 39. Rc5 Rg8+ 40. Ng5+ Kg6 41. Kg2 Raa8 42. Kf3 Rac8 43. f5+ Kh5 44. Ne4 Rcf8 45. Rc6 Bg5 46. Bxg5 Rxg5 47. Ng3+ Rxg3+ 48. hxg3 Rxf5+ 49. Kg2 Ra5 50. Kh3 Ra3 51. Rc5+ Kg6 52. f4 Ra6 53. g4 Rb6 54. Kh4 Ra6 55. f5+ Kf6 56. g5+ Kf7 57. Rc7+ Kf8 58. Kh5 Rb6 59. f6 1-0

[Event "FIDE World Rapid-ch Open 2018"]
[White "Shinkevich, Vitaly"]
[Black "Hirneise, Jens"]
[Site "St. Petersburg"]
[Round "5.75"]
[Annotator "NA"]
[Result "1-0"]
[Date "2018.12.26"]
[WhiteElo "2439"]
[BlackElo "2371"]
[PlyCount "101"]
[TimeControl "900+10"]

1. d4 Nf6 2. Nf3 g6 3. c4 Bg7 4. g3 0-0 5. Bg2 d6 6. Nc3 Nc6 7. 0-0 Bf5 8. Ne1 Na5 9. b3 c5 10. e3 Nc6 11. Bb2 Qc8 12. d5 Nb8 13. Nd3 Bh3 14. e4 Bxg2 15. Kxg2 e5 16. f3 Nbd7 17. Bc1 Ne8 18. Bd2 Qd8 19. Qe2 Qe7 20. Rab1 Nc7 21. b4 cxb4 22. Rxb4 b6 23. Rbb1 Na6 24. a3 f5 25. Nb4 Nxb4 26. axb4 Bf6 27. Ra1 Rfc8 28. Qd3 fxe4 29. Nxe4 Rc7 30. Rfc1 Rac8 31. Be3 Qf8 32. h4 Be7 33. c5 bxc5 34. bxc5 Nf6 35. c6 Nxe4 36. fxe4 Ra8 37. Rcb1 Qc8 38. Qe2 Bd8 39. Rf1 Be7 40. Qf3 Bf8 41. Rab1 Qe8 42. Bc1 Rd8 43. Bd2 Ra8 44. Ba5 Rg7 45. Qg4 h5 46. Qe6+ Qxe6 47. dxe6 Rc8 48. c7 Re7 49. Rb8 Ree8 50. Rxc8 Rxc8 51. Rb1 1-0

[Event "FIDE World Rapid-ch Open 2018"]
[White "Nihal Sarin"]
[Black "Golubov, Saveliy"]
[Site "St. Petersburg"]
[Round "5.76"]
[Annotator "ChessBase"]
[Result "1/2-1/2"]
[Date "2018.12.26"]
[WhiteElo "2576"]
[BlackElo "2482"]
[PlyCount "63"]
[TimeControl "900+10"]

1. e4 c5 2. Nf3 e6 3. d4 d5 4. exd5 exd5 5. Bb5+ Nc6 6. 0-0 Nf6 7. Re1+ Be6 8. Nc3 Be7 9. dxc5 Bxc5 10. Be3 Bxe3 11. Rxe3 0-0 12. Nd4 Qd6 13. h3 Bd7 14. a3 Rfe8 15. Rxe8+ Rxe8 16. Qd2 h6 17. Rd1 Ne5 18. Bxd7 Qxd7 19. b3 Nc6 20. Nf3 Rd8 21. Ne2 Ne4 22. Qe3 Re8 23. Nf4 d4 24. Qd3 Qd6 25. Ne2 Nc5 26. Qd2 Ne4 27. Qd3 Nc5 28. Qd2 Ne4 29. Qd3 Nc5 30. Qd2 Ne4 31. Qd3 Nc5 32. Qd2 1/2-1/2

[Event "FIDE World Rapid-ch Open 2018"]
[White "Baron, Tal"]
[Black "Ovchinnikov, Vsevolod"]
[Site "St. Petersburg"]
[Round "5.77"]
[Annotator "ChessBase"]
[Result "1-0"]
[Date "2018.12.26"]
[WhiteElo "2532"]
[BlackElo "2329"]
[PlyCount "137"]
[TimeControl "900+10"]

1. d4 Nf6 2. Bf4 g6 3. Nc3 d5 4. Qd2 c6 5. f3 Nbd7 6. 0-0-0 b5 7. Qe1 b4 8. Nb1 e6 9. e4 Qa5 10. a3 Qb6 11. axb4 Bxb4 12. c3 Nh5 13. Be3 Bf8 14. Rd2 Ba6 15. Bxa6 Qxa6 16. Qe2 Qb7 17. g4 Ng7 18. Bh6 a5 19. Nh3 a4 20. Nf2 Nb6 21. Rc2 Rg8 22. Nd3 Bd6 23. e5 Be7 24. h4 Nc4 25. Rh2 Qb5 26. Kd1 Kd7 27. Bg5 Ne8 28. Bxe7 Kxe7 29. h5 Nc7 30. Nb4 Na6 31. Na3 Nxa3 32. bxa3 Qxe2+ 33. Kxe2 c5 34. Nxa6 Rxa6 35. Rb2 Ra7 36. hxg6 hxg6 37. Kd3 Rc8 38. dxc5 Rxc5 39. Rb4 Rac7 40. Rc2 Ra5 41. Rcb2 Rac5 42. Rc2 Ra5 43. Rb8 Rac5 44. Rb4 Ra5 45. f4 Ra8 46. c4 Rh8 47. Rxa4 Rh3+ 48. Kd2 Rf3 49. Rc3 Rxf4 50. cxd5 Rf2+ 51. Ke1 Rxc3 52. d6+ Ke8 53. Ra8+ Kd7 54. Ra7+ Ke8 55. Ra8+ Kd7 56. Ra7+ Ke8 57. Kxf2 Rc5 58. Ra8+ Kd7 59. Ra7+ Ke8 60. Re7+ Kd8 61. Rxf7 Rxe5 62. Re7 g5 63. Kf3 Kc8 64. a4 Kd8 65. Ra7 Kc8 66. a5 Kb8 67. Re7 Rd5 68. Rxe6 Rxa5 69. Re8+ 1-0

[Event "FIDE World Rapid-ch Open 2018"]
[White "Ghaem Maghami, Ehsan"]
[Black "Makoveev, Ilya"]
[Site "St. Petersburg"]
[Round "5.78"]
[Annotator "ChessBase"]
[Result "1-0"]
[Date "2018.12.26"]
[WhiteElo "2537"]
[BlackElo "2257"]
[PlyCount "83"]
[TimeControl "900+10"]

1. d4 Nf6 2. Nf3 g6 3. c4 Bg7 4. Nc3 d5 5. cxd5 Nxd5 6. e4 Nxc3 7. bxc3 0-0 8. Ba3 Nd7 9. Bd3 c5 10. 0-0 Qa5 11. Bb2 b6 12. Nd2 Ba6 13. Nc4 Bxc4 14. Bxc4 cxd4 15. cxd4 Nc5 16. e5 Rad8 17. Qc2 Na4 18. Ba3 Rxd4 19. Bxe7 Re8 20. Bf6 Nc3 21. Qb3 Nd5 22. g3 Qc5 23. Rac1 Rf8 24. Rfd1 Bxf6 25. Bxd5 Qxd5 26. Qxd5 Rxd5 27. Rxd5 Be7 28. Rc7 Bc5 29. Rxa7 Re8 30. Kg2 h5 31. f4 Rc8 32. Rdd7 Be3 33. Rxf7 Rc2+ 34. Kf3 Bc5 35. Rg7+ Kf8 36. Rgc7 Rc3+ 37. Ke4 Re3+ 38. Kd5 Rd3+ 39. Ke6 Rd8 40. Rh7 Re8+ 41. Kf6 Be7+ 42. Raxe7 1-0

[Event "FIDE World Rapid-ch Open 2018"]
[White "Zhigalko, Andrey"]
[Black "Shubin, Kirill"]
[Site "St. Petersburg"]
[Round "5.79"]
[Annotator "ChessBase"]
[Result "1/2-1/2"]
[Date "2018.12.26"]
[WhiteElo "2545"]
[BlackElo "2334"]
[PlyCount "119"]
[TimeControl "900+10"]

1. e4 e6 2. d4 d5 3. Nc3 Bb4 4. exd5 exd5 5. Bd3 c6 6. Nf3 Ne7 7. 0-0 0-0 8. Re1 Ng6 9. Bd2 Bd6 10. Ne5 Nd7 11. Qh5 Nf6 12. Qg5 Qb6 13. Ne2 Bxe5 14. dxe5 Ng4 15. Be3 Nxe3 16. fxe3 Qxb2 17. Nd4 c5 18. Nf3 Re8 19. Rab1 Qc3 20. Qh5 c4 21. Ng5 cxd3 22. Qxh7+ Kf8 23. Nxf7 dxc2 24. Rbc1 Nxe5 25. Nd6 Be6 26. Rf1+ Ke7 27. Nxe8 Rxe8 28. Rxc2 Qxe3+ 29. Kh1 Rg8 30. Rc7+ Nd7 31. Rxb7 Qd4 32. h3 Rc8 33. Re1 Rc6 34. Qg6 Qf6 35. Qg3 d4 36. Rxa7 Rd6 37. Qa3 Qf2 38. Qb4 d3 39. Ra6 Qc5 40. Qh4+ Nf6 41. Rxd6 Qxd6 42. Qg5 Kf7 43. a4 d2 44. Rd1 Ne4 45. Qe3 Bf5 46. a5 Bg6 47. Kg1 Kg8 48. Qb6 Qg3 49. a6 Qe1+ 50. Rxe1 dxe1=Q+ 51. Kh2 Qg3+ 52. Kg1 Ng5 53. a7 Nxh3+ 54. Kh1 Nf2+ 55. Kg1 Nh3+ 56. Kh1 Nf2+ 57. Kg1 Nh3+ 58. Kh1 Qe1+ 59. Kh2 Qe5+ 60. Kxh3 1/2-1/2

[Event "FIDE World Rapid-ch Open 2018"]
[White "Mikhalevski, Victor"]
[Black "Gaifullin, Artur"]
[Site "St. Petersburg"]
[Round "5.80"]
[Annotator "ChessBase"]
[Result "0-1"]
[Date "2018.12.26"]
[WhiteElo "2579"]
[BlackElo "2448"]
[PlyCount "46"]
[TimeControl "900+10"]

1. Nf3 Nf6 2. g3 d5 3. Bg2 c5 4. 0-0 e6 5. c4 d4 6. e3 Nc6 7. b3 Be7 8. exd4 cxd4 9. Re1 0-0 10. d3 Ne8 11. Ne5 Nxe5 12. Rxe5 f6 13. Re1 e5 14. f4 exf4 15. gxf4 Bd6 16. Ba3 Qa5 17. c5 Bxf4 18. c6 Bg4 19. b4 Bxh2+ 20. Kf2 Qf5+ 21. Bf3 Qf4 22. Qb3+ Kh8 23. Nd2 Qxd2+ 0-1

[Event "FIDE World Rapid-ch Open 2018"]
[White "Belozerov, Andrei"]
[Black "Yeritsyan, Aram"]
[Site "St. Petersburg"]
[Round "5.81"]
[Annotator "ChessBase"]
[Result "1-0"]
[Date "2018.12.26"]
[WhiteElo "2528"]
[BlackElo "2372"]
[PlyCount "115"]
[TimeControl "900+10"]

1. e4 e5 2. Nf3 Nc6 3. Nc3 Nf6 4. Bc4 Bc5 5. d3 h6 6. a3 a6 7. Be3 d6 8. Bxc5 dxc5 9. Bd5 Nxd5 10. exd5 Ne7 11. Nxe5 Nxd5 12. Qf3 Be6 13. 0-0 0-0 14. Rfe1 Qd6 15. Nc4 Qd7 16. Ne4 b6 17. Ne5 Qa4 18. b3 Qe8 19. Qg3 Kh8 20. Qh4 Qe7 21. Qh5 Nf6 22. Nxf6 Qxf6 23. Re3 Rae8 24. Rae1 Kh7 25. h3 Qg5 26. Qxg5 hxg5 27. Nf3 Bd7 28. Nxg5+ Kg6 29. f4 a5 30. Nf3 f6 31. Re7 Rxe7 32. Rxe7 Rd8 33. a4 Kh7 34. Kf2 Kg8 35. g4 Kf8 36. Re3 Re8 37. Rxe8+ Bxe8 38. f5 Ke7 39. Ke3 Kd6 40. Nd2 Kd5 41. Ne4 Ke5 42. Ng3 Bf7 43. Ne2 c6 44. d4+ cxd4+ 45. Nxd4 Kd5 46. c4+ Kd6 47. Ke4 c5 48. Nb5+ Kc6 49. Nc3 Kd6 50. Nd5 Kc6 51. h4 Be8 52. g5 fxg5 53. hxg5 Bf7 54. Ke5 Be8 55. f6 gxf6+ 56. gxf6 Bf7 57. Kf5 Bg8 58. Kg6 1-0

[Event "FIDE World Rapid-ch Open 2018"]
[White "Lobanov, Sergei"]
[Black "Jones, Gawain C B"]
[Site "St. Petersburg"]
[Round "5.82"]
[Annotator "RC"]
[Result "0-1"]
[Date "2018.12.26"]
[WhiteElo "2526"]
[BlackElo "2682"]
[PlyCount "74"]
[TimeControl "900+10"]

1. e4 c5 2. Nf3 d6 3. d4 cxd4 4. Nxd4 Nf6 5. Nc3 g6 6. Be3 Bg7 7. f3 Nc6 8. Qd2 0-0 9. 0-0-0 d5 10. exd5 Nxd5 11. Nxc6 bxc6 12. Bd4 Bxd4 13. Qxd4 Qc7 14. h4 Rd8 15. h5 Bf5 16. hxg6 Bxg6 17. Re1 Rab8 18. Nxd5 Rxd5 19. Qe3 Qd6 20. Bc4 Rd4 21. Bb3 a5 22. Rd1 c5 23. c3 Qc7 24. Bc2 Qb6 25. b3 Rxd1+ 26. Rxd1 a4 27. c4 Qf6 28. Bxg6 hxg6 29. Kc2 axb3+ 30. axb3 Ra8 31. Rd2 Qa1 32. Kd3 Qb1+ 33. Ke2 Ra1 34. Qf2 Kg7 35. g4 Ra6 36. Rd3 Re6+ 37. Re3 Rd6 0-1